[Event "CAT-chT Honor Division 2019"]
[Site "Catalonia"]
[Date "2019.02.09"]
[Round "4.4"]
[White "Matnadze, Ana"]
[Black "Ortega Serra, Marc"]
[Result "1-0"]
[ECO "E06"]
[WhiteElo "2372"]
[BlackElo "2352"]
[Annotator "NA"]
[PlyCount "73"]
[EventDate "2019.01.16"]
[EventType "team-tourn"]
[EventCountry "ESP"]
[SourceTitle "playchess.com"]
[Source "ChessBase"]
[SourceQuality "1"]
[WhiteTeam "Escola Escacs BCN"]
[BlackTeam "Cerdanyola Valles"]
[TimeControl "5400+30"]

1. Nf3 d5 2. d4 Nf6 3. g3 e6 4. Bg2 Be7 5. c4 O-O 6. Nc3 dxc4 7. Ne5 Nc6 8. Bxc6 bxc6 9. Nxc6 Qe8 10. Nxe7+ Qxe7 11. Qa4 c5 12. Qxc4 cxd4 13. Qxd4 e5 14. Qh4 Rb8 15. O-O Rb4 16. e4 h6 17. f3 Rd8 18. g4 Ba6 19. Re1 Rd3 20. Qf2 Qb7 21. h3 Nh7 22. Nd5 Ng5 23. Bxg5 Rxb2 24. Qh4 Rxd5 25. exd5 Qxd5 26. Bc1 Rc2 27. Qg3 Be2 28. Be3 Bxf3 29. Bf2 f6 30. a4 a6 31. Rac1 Ra2 32. Rc3 Bh1 33. Rd3 Qc6 34. Rd8+ Kh7 35. Qd3+ e4 36. Qd5 Qc2 37. Qf5+ 1-0

[Event "CAT-chT Honor Division 2019"]
[Site "Catalonia"]
[Date "2019.02.09"]
[Round "4.5"]
[White "Bru Rullo, Llatzer"]
[Black "Grafl, Florian"]
[Result "1/2-1/2"]
[ECO "A40"]
[WhiteElo "2298"]
[BlackElo "2340"]
[Annotator "NA"]
[PlyCount "92"]
[EventDate "2019.01.16"]
[EventType "team-tourn"]
[EventCountry "ESP"]
[SourceTitle "playchess.com"]
[Source "ChessBase"]
[SourceQuality "1"]
[WhiteTeam "Cerdanyola Valles"]
[BlackTeam "Escola Escacs BCN"]
[TimeControl "5400+30"]

1. d4 Nc6 2. d5 Ne5 3. e4 e6 4. f4 Ng6 5. dxe6 fxe6 6. Bd3 {A40: Unusual replies to 1 d4} (6. Nf3 Bc5 7. Nc3 Nf6 8. e5 Ng4 9. Ne4 Bb6 10. c4 Qe7 11. Qc2 Be3 12. g3 O-O 13. Bh3 Bxc1 14. Rxc1 {1-0 (22) Aronian,L (2767)-Caruana,F (2822) chess.com INT 2018}) 6... Bb4+ $146 ({Predecessor:} 6... Bc5 7. Nf3 d6 8. Nc3 Bd7 9. Qe2 Qe7 10. Bd2 Nf6 11. e5 Nd5 12. Nxd5 exd5 13. e6 Bc6 {1-0 (52) Petrukhina,I (2148)-Pakhomov,E (2409) Kemerovo 2011}) 7. Nc3 d5 8. exd5 exd5 9. Bd2 N8e7 10. Qh5 O-O 11. g4 d4 12. Nce2 Bxd2+ 13. Kxd2 Qd5 14. Qxd5+ Nxd5 15. Bc4 c6 16. Bxd5+ cxd5 17. h3 h5 18. gxh5 Nxf4 19. Nxf4 Rxf4 20. Ne2 Rh4 21. Rag1 Rxh5 22. Rg3 Bd7 23. Rhg1 Rh7 24. Nf4 Rf8 25. Nxd5 Rf7 26. Rd3 Rxh3 27. Rxd4 Kh7 28. Rg2 Bc6 29. Re2 g5 30. c4 Rg3 31. Ne3 Bd7 32. Rd6 Kg7 33. Rh2 Bc6 34. Nd5 g4 35. Rdh6 Rf2+ 36. Rxf2 Kxh6 37. Ne7 Rg2 38. Rxg2 Bxg2 39. Ke3 Kg5 40. c5 g3 41. b4 a6 42. a4 Kf6 $11 43. Nc8 Bc6 44. b5 g2 45. Kf2 axb5 46. axb5 Bxb5 1/2-1/2

[Event "CAT-chT Honor Division 2019"]
[Site "Catalonia"]
[Date "2019.02.09"]
[Round "4.5"]
[White "Medina Masdeu, Rasen"]
[Black "Castelltort Fernandez, Antonio"]
[Result "1/2-1/2"]
[ECO "A04"]
[WhiteElo "2160"]
[BlackElo "2247"]
[Annotator "NA"]
[PlyCount "71"]
[EventDate "2019.01.16"]
[EventType "team-tourn"]
[EventCountry "ESP"]
[SourceTitle "playchess.com"]
[Source "ChessBase"]
[SourceQuality "1"]
[WhiteTeam "Gerunda"]
[BlackTeam "Sant Andreu"]
[TimeControl "5400+30"]

1. Nf3 d6 2. e4 Nf6 3. Nc3 e5 4. d4 exd4 5. Nxd4 Be7 6. Be2 O-O 7. Be3 Re8 8. Qd2 c6 9. f3 Bf8 10. g4 d5 11. g5 Nh5 12. exd5 Qe7 13. Bf2 c5 14. Ndb5 Na6 15. O-O-O Bf5 16. a3 Qd7 17. Rhe1 g6 18. Bd3 Bxd3 19. Qxd3 Rxe1 20. Rxe1 Nc7 21. Nxc7 Qxc7 22. Ne4 Rd8 23. Rd1 Qxh2 24. Bxc5 Bxc5 25. Nxc5 Qc7 26. Ne4 Nf4 27. Qb3 Qe5 28. Kb1 Kg7 29. d6 b6 30. Qa4 a5 31. Qc6 b5 32. Qc7 Ne6 33. Qxa5 Rd7 34. Qa8 Rd8 35. Qc6 Qf4 36. Qc3+ 1/2-1/2

[Event "CAT-chT Honor Division 2019"]
[Site "Catalonia"]
[Date "2019.02.09"]
[Round "4.6"]
[White "Hernando Rodrigo, Julio Antonio"]
[Black "Escandell, Juan C"]
[Result "1-0"]
[ECO "D85"]
[WhiteElo "2308"]
[BlackElo "2188"]
[Annotator "NA"]
[PlyCount "85"]
[EventDate "2019.01.16"]
[EventType "team-tourn"]
[EventCountry "ESP"]
[SourceTitle "playchess.com"]
[Source "ChessBase"]
[SourceQuality "1"]
[WhiteTeam "Escola Escacs BCN"]
[BlackTeam "Cerdanyola Valles"]
[TimeControl "5400+30"]

1. d4 Nf6 2. c4 g6 3. Nc3 d5 4. cxd5 Nxd5 5. e4 Nxc3 6. bxc3 Bg7 7. Nf3 O-O 8. Be2 c5 9. Rb1 b6 10. O-O Bb7 11. Qd3 e6 12. Bg5 Qc7 13. Qe3 Nd7 14. e5 a6 15. Nd2 b5 16. Be7 Rfc8 17. Bd6 cxd4 18. cxd4 Qc3 19. Bd3 Nb6 20. Rb3 Qc6 21. Qg3 Nd5 22. Ne4 f5 23. Nc5 Re8 24. Nxb7 Qxb7 25. Rc1 Rac8 26. Rc5 Bf8 27. h4 Kg7 28. a4 b4 29. Bc4 Rxc5 30. dxc5 Qc6 31. Bxd5 Qxd5 32. Rxb4 a5 33. Rb6 Bxd6 34. exd6 Rc8 35. Qc3+ e5 36. d7 Qd1+ 37. Kh2 Qxd7 38. Qxe5+ Kg8 39. Rd6 Qf7 40. c6 Qc4 41. g3 Qa2 42. Qd4 Qc2 43. Rd7 1-0

[Event "CAT-chT Honor Division 2019"]
[Site "Catalonia"]
[Date "2019.02.09"]
[Round "4.6"]
[White "Subirats Ruiz, Sergi"]
[Black "Molina Carretero, Daniel"]
[Result "1-0"]
[ECO "B00"]
[WhiteElo "2219"]
[BlackElo "2114"]
[Annotator "NA"]
[PlyCount "67"]
[EventDate "2019.01.16"]
[EventType "team-tourn"]
[EventCountry "ESP"]
[SourceTitle "playchess.com"]
[Source "ChessBase"]
[SourceQuality "1"]
[WhiteTeam "Sant Andreu"]
[BlackTeam "Gerunda"]
[TimeControl "5400+30"]

1. e4 c5 2. Nf3 d6 3. d4 cxd4 4. Nxd4 Nf6 5. Nc3 g6 6. Be3 Bg7 7. f3 Nc6 8. Bc4 O-O 9. Qd2 Bd7 10. O-O-O Ne5 11. Bb3 Qa5 12. h4 Rfc8 13. g4 b5 14. h5 Nc4 15. Bxc4 bxc4 16. Bh6 Bh8 17. Nf5 Bxf5 18. gxf5 Rab8 19. hxg6 fxg6 20. Rdg1 Rxb2 21. fxg6 hxg6 22. Qg2 Kf7 23. Qxg6+ Ke6 24. Bd2 Rbb8 25. Rg5 Rc5 26. Rh7 Kd7 27. Rxe7+ Kc6 28. e5 Qa3+ 29. Kd1 Rb1+ 30. Ke2 Rd5 31. Nxb1 Qa6 32. Nc3 Nd7 33. Rxd7 Kxd7 34. Qf7+ 1-0

[Event "CAT-chT Honor Division 2019"]
[Site "Catalonia"]
[Date "2019.02.09"]
[Round "4.7"]
[White "Castellet Giralt, Gabriel"]
[Black "Vehi Bach, Victor Manuel"]
[Result "0-1"]
[ECO "B23"]
[WhiteElo "2217"]
[BlackElo "2306"]
[Annotator "NA"]
[PlyCount "78"]
[EventDate "2019.01.16"]
[EventType "team-tourn"]
[EventCountry "ESP"]
[SourceTitle "playchess.com"]
[Source "ChessBase"]
[SourceQuality "1"]
[WhiteTeam "Cerdanyola Valles"]
[BlackTeam "Escola Escacs BCN"]
[TimeControl "5400+30"]

1. e4 c5 2. Nc3 a6 3. g3 b5 4. Bg2 Bb7 5. d3 e6 6. Nh3 Nf6 7. O-O d6 8. f4 Qc7 9. Nf2 Nc6 10. Be3 Be7 11. g4 h6 12. h4 Nd7 13. h5 Nb6 14. a4 b4 15. Ne2 a5 16. c4 Bf6 17. Ra2 Nd4 18. b3 Nd7 19. Bxd4 Bxd4 20. Ng3 O-O-O 21. Re2 g6 22. Kh2 Nf6 23. hxg6 h5 24. g7 Rh7 25. gxh5 Nxh5 26. Nxh5 Rxh5+ 27. Nh3 Rh7 28. Rf3 Rxg7 29. Bf1 Rdg8 30. Rg2 f5 31. Qe1 Qe7 32. Rxg7 Qxg7 33. Ng5 fxe4 34. dxe4 e5 35. Bh3+ Kb8 36. Rg3 exf4 37. Rg4 Qe7 38. Qh4 Bf6 39. Qh7 Rxg5 0-1

[Event "CAT-chT Honor Division 2019"]
[Site "Catalonia"]
[Date "2019.02.09"]
[Round "4.7"]
[White "Gonzalez Vericat, Sergio"]
[Black "Delisau Gil, Oriol"]
[Result "0-1"]
[ECO "A01"]
[WhiteElo "2122"]
[BlackElo "2197"]
[Annotator "NA"]
[PlyCount "112"]
[EventDate "2019.01.16"]
[EventType "team-tourn"]
[EventCountry "ESP"]
[SourceTitle "playchess.com"]
[Source "ChessBase"]
[SourceQuality "1"]
[WhiteTeam "Gerunda"]
[BlackTeam "Sant Andreu"]
[TimeControl "5400+30"]

1. b3 d6 2. Bb2 Nd7 3. e4 Ngf6 4. d3 g6 5. g3 Bg7 6. Bg2 O-O 7. Ne2 c6 8. O-O e5 9. Nbc3 Re8 10. a4 Nf8 11. d4 Ne6 12. dxe5 dxe5 13. Qxd8 Rxd8 14. Rfd1 Bd7 15. a5 Be8 16. Na4 Nd7 17. Kf1 Ndc5 18. Nxc5 Nxc5 19. Ke1 f6 20. Rxd8 Rxd8 21. Rd1 Rxd1+ 22. Kxd1 Bd7 23. Bc1 Bf8 24. Be3 Be6 25. Nc3 a6 26. Ke2 Nd7 27. Na4 Bb4 28. Bd2 Bd6 29. c4 h5 30. Kd3 Kf7 31. Be3 g5 32. h3 h4 33. g4 Ke7 34. Kc3 c5 35. Kd3 Kd8 36. Nc3 Bc7 37. Na4 Bxa5 38. Nxc5 Nxc5+ 39. Bxc5 Kd7 40. b4 Bd8 41. Kc3 Kc6 42. Bf8 b6 43. Bf1 a5 44. b5+ Kd7 45. c5 bxc5 46. Bxc5 Be7 47. Bxe7 Kxe7 48. Bc4 Bd7 49. b6 Kd6 50. Kb3 Bc6 51. Bd5 Bb5 52. Ka3 Bf1 53. Ka4 Bxh3 54. Bc4 Bg2 55. Kxa5 h3 56. Ka6 Bxe4 0-1

[Event "CAT-chT Honor Division 2019"]
[Site "Catalonia"]
[Date "2019.02.09"]
[Round "4.8"]
[White "Chueca Forcen, Alberto"]
[Black "Garcia Acosta, Roger"]
[Result "1-0"]
[ECO "D58"]
[WhiteElo "2270"]
[BlackElo "2096"]
[Annotator "NA"]
[PlyCount "59"]
[EventDate "2019.01.16"]
[EventType "team-tourn"]
[EventCountry "ESP"]
[SourceTitle "playchess.com"]
[Source "ChessBase"]
[SourceQuality "1"]
[WhiteTeam "Escola Escacs BCN"]
[BlackTeam "Cerdanyola Valles"]
[TimeControl "5400+30"]

1. d4 d5 2. c4 e6 3. Nc3 Nf6 4. Bg5 Be7 5. e3 h6 6. Bh4 b6 7. Nf3 O-O 8. Be2 Bb7 9. Bxf6 Bxf6 10. cxd5 exd5 11. b4 c5 12. bxc5 bxc5 13. Rc1 c4 14. O-O Re8 15. Nd2 Bc6 16. Bf3 Qd7 17. Rb1 Na6 18. g3 Rab8 19. Bg2 Rb6 20. Rxb6 axb6 21. Qf3 Re6 22. Nxd5 Nb4 23. e4 Bxd5 24. exd5 Re8 25. Nxc4 Bxd4 26. Qf4 Bc5 27. Nxb6 Qd8 28. Na4 Nxd5 29. Qf5 Bxf2+ 30. Qxf2 1-0

[Event "CAT-chT Honor Division 2019"]
[Site "Catalonia"]
[Date "2019.02.09"]
[Round "4.8"]
[White "Castellano Egea, Einar"]
[Black "Salagran Ferragut, Guillem"]
[Result "0-1"]
[ECO "C00"]
[WhiteElo "2158"]
[BlackElo "2105"]
[Annotator "NA"]
[PlyCount "114"]
[EventDate "2019.01.16"]
[EventType "team-tourn"]
[EventCountry "ESP"]
[SourceTitle "playchess.com"]
[Source "ChessBase"]
[SourceQuality "1"]
[WhiteTeam "Sant Andreu"]
[BlackTeam "Gerunda"]
[TimeControl "5400+30"]

1. e4 e6 2. b3 d5 3. Bb2 Nc6 4. exd5 exd5 5. Bb5 Nge7 6. Qe2 Be6 7. Nf3 a6 8. Bxc6+ Nxc6 9. O-O Qd7 10. Ng5 O-O-O 11. Nxe6 fxe6 12. d4 h5 13. Nd2 g5 14. Rfe1 Re8 15. c4 Bg7 16. Nf3 g4 17. Ne5 Bxe5 18. dxe5 dxc4 19. bxc4 Ne7 20. Rab1 Qc6 21. Bc3 h4 22. Qe4 Qxe4 23. Rxe4 Reg8 24. Rf4 Nf5 25. c5 Rh7 26. c6 b6 27. Ra4 Ne7 28. Rxa6 Nxc6 29. Ra8+ Nb8 30. Ra7 Rd7 31. a4 Rgd8 32. Kf1 Rd1+ 33. Rxd1 Rxd1+ 34. Be1 Rd5 35. f4 Rd4 36. Bxh4 Rxf4+ 37. Kg1 Kd7 38. Ra8 Rf8 39. Bf6 Kc6 40. h4 gxh3 41. gxh3 Kb7 42. Rxb8+ Kxb8 43. h4 Rf7 44. Kf2 Kc8 45. Kg3 Kd7 46. h5 Ke8 47. Kf4 Kf8 48. Kg5 Kg8 49. Kg6 c5 50. Bd8 c4 51. Bxb6 c3 52. h6 c2 53. Be3 Rf1 54. h7+ Kh8 55. Bh6 Rg1+ 56. Kf7 Kxh7 57. Be3 Re1 0-1

[Event "CAT-chT Honor Division 2019"]
[Site "Catalonia"]
[Date "2019.02.09"]
[Round "4.9"]
[White "Mundet Riera, Jaume"]
[Black "Travesset Ribera, Daniel"]
[Result "1-0"]
[ECO "A45"]
[WhiteElo "2090"]
[BlackElo "2118"]
[Annotator "NA"]
[PlyCount "117"]
[EventDate "2019.01.16"]
[EventType "team-tourn"]
[EventCountry "ESP"]
[SourceTitle "playchess.com"]
[Source "ChessBase"]
[SourceQuality "1"]
[WhiteTeam "Gerunda"]
[BlackTeam "Sant Andreu"]
[TimeControl "5400+30"]

1. d4 Nf6 2. Bg5 d5 3. Bxf6 exf6 4. e3 c6 5. c4 dxc4 6. Bxc4 Bd6 7. Nc3 f5 8. Nge2 O-O 9. Qc2 Qe7 10. g3 Nd7 11. O-O g6 12. a4 Nf6 13. Rfe1 Bd7 14. Nf4 Rfe8 15. Re2 Rad8 16. Nd3 Kg7 17. Kg2 h5 18. h4 Bc8 19. Rd1 b6 20. Nf4 Bb7 21. Kg1 a6 22. Nh3 b5 23. Ba2 b4 24. Nb1 Ne4 25. Nd2 c5 26. d5 Nf6 27. Nf3 Rd7 28. Nhg5 Ne4 29. Bc4 Qf6 30. Qd3 Ra8 31. Qb3 Re8 32. Nxe4 fxe4 33. Ng5 Re5 34. Qc2 Rde7 35. Red2 Bc8 36. Be2 Rxg5 37. hxg5 Qxg5 38. Bf1 Bg4 39. Rc1 Bf3 40. Bg2 h4 41. Qc4 hxg3 42. Qf1 Qh4 43. fxg3 Qxg3 44. Qf2 Qh2+ 45. Kf1 Bg3 46. Qg1 Qh5 47. d6 Re5 48. Qh1 Be2+ 49. Kg1 Qg5 50. Rxe2 Rd5 51. Rf1 Rd3 52. Qh3 Rxd6 53. Bxe4 Be5+ 54. Qg2 Qh4 55. Ref2 Rd7 56. Rxf7+ Rxf7 57. Qxg6+ Kh8 58. Rxf7 Qe1+ 59. Kg2 1-0

[Event "CAT-chT Honor Division 2019"]
[Site "Catalonia"]
[Date "2019.02.09"]
[Round "4.9"]
[White "Guasch Sariol, Jaume"]
[Black "Orteu Capdevila, Max"]
[Result "0-1"]
[ECO "E42"]
[WhiteElo "2085"]
[BlackElo "2160"]
[Annotator "NA"]
[PlyCount "48"]
[EventDate "2019.01.16"]
[EventType "team-tourn"]
[EventCountry "ESP"]
[SourceTitle "playchess.com"]
[Source "ChessBase"]
[SourceQuality "1"]
[WhiteTeam "Cerdanyola Valles"]
[BlackTeam "Escola Escacs BCN"]
[TimeControl "5400+30"]

1. d4 Nf6 2. c4 e6 3. Nc3 Bb4 4. e3 b6 5. Nge2 c5 6. a3 Ba5 7. Nf4 O-O 8. Be2 Bb7 9. O-O Bxc3 10. bxc3 d6 11. f3 e5 12. Nh3 Nc6 13. d5 Na5 14. Bd3 Ba6 15. Qe2 Qd7 16. a4 e4 17. fxe4 Qg4 18. Rf3 Nxe4 19. Qc2 f5 20. Rf4 Qg6 21. Bxe4 fxe4 22. Qxe4 Qxe4 23. Rxe4 Bxc4 24. Re6 Rf1# 0-1

[Event "CAT-chT Honor Division 2019"]
[Site "Catalonia"]
[Date "2019.02.09"]
[Round "4.10"]
[White "Avila Jimenez, Xavier"]
[Black "Borges Ayats, Joaquim"]
[Result "1/2-1/2"]
[ECO "D10"]
[WhiteElo "2159"]
[BlackElo "1968"]
[Annotator "NA"]
[PlyCount "147"]
[EventDate "2019.01.16"]
[EventType "team-tourn"]
[EventCountry "ESP"]
[SourceTitle "playchess.com"]
[Source "ChessBase"]
[SourceQuality "1"]
[WhiteTeam "Escola Escacs BCN"]
[BlackTeam "Cerdanyola Valles"]
[TimeControl "5400+30"]

1. d4 d5 2. c4 c6 3. cxd5 cxd5 4. Bf4 Nf6 5. e3 Nc6 6. Bd3 Qb6 7. Nc3 a6 8. Nge2 e6 9. O-O Be7 10. h3 O-O 11. Na4 Qd8 12. Rc1 Bd7 13. f3 Rc8 14. Nc5 Qb6 15. Nc3 Na5 16. N3a4 Bxa4 17. Nxa4 Qa7 18. Qe2 b5 19. Nc3 Nc4 20. Kh1 Nh5 21. Bh2 Bd6 22. f4 Nf6 23. e4 dxe4 24. Nxe4 Qxd4 25. Rcd1 Nxe4 26. Bxe4 Qe3 27. Qf3 Qxf3 28. Rxf3 Bc5 29. Rb3 Rcd8 30. Rc1 Rd4 31. Bf3 Rd2 32. Bb7 Rfd8 33. Rf3 Rd1+ 34. Rf1 Rxf1+ 35. Rxf1 Nxb2 36. Bxa6 b4 37. Be2 Rd2 38. Rc1 Na4 39. Bf3 Nc3 40. a3 Rb2 41. axb4 Bxb4 42. Bg1 Rb1 43. Rc2 Kf8 44. Kh2 Nd5 45. g3 Rb3 46. Rc8+ Ke7 47. Bg2 Rc3 48. Rb8 Bc5 49. Rb7+ Kf6 50. Bxc5 Rxc5 51. Rb2 h6 52. Re2 Rc3 53. h4 Ne3 54. Bh3 Rc2 55. Rxc2 Nxc2 56. Bg2 Kf5 57. Bc6 Nd4 58. Be8 f6 59. Kg2 Ke4 60. Kf2 Nb3 61. Bc6+ Kf5 62. Kg2 Nd4 63. Bd7 Ke4 64. Bc8 e5 65. Bb7+ Ke3 66. fxe5 fxe5 67. Kh3 Ne6 68. Kg4 Nd4 69. Kh5 Nf5 70. g4 Ng3+ 71. Kg6 Kf4 72. g5 hxg5 73. hxg5 e4 74. Bxe4 1/2-1/2

[Event "CAT-chT Honor Division 2019"]
[Site "Catalonia"]
[Date "2019.02.09"]
[Round "4.10"]
[White "Bautista Sanchez, Joan"]
[Black "Carrasco Holgado, David"]
[Result "1-0"]
[ECO "A04"]
[WhiteElo "2065"]
[BlackElo "2065"]
[Annotator "NA"]
[PlyCount "73"]
[EventDate "2019.01.16"]
[EventType "team-tourn"]
[EventCountry "ESP"]
[SourceTitle "playchess.com"]
[Source "ChessBase"]
[SourceQuality "1"]
[WhiteTeam "Sant Andreu"]
[BlackTeam "Gerunda"]
[TimeControl "5400+30"]

1. Nf3 f5 2. c4 Nf6 3. Nc3 d6 4. g3 g6 5. Bg2 Bg7 6. d3 O-O 7. O-O c6 8. Rb1 e5 9. Qc2 Qe8 10. b4 Na6 11. b5 Nc5 12. bxc6 bxc6 13. Nd2 Qd7 14. Ba3 Ne6 15. Qa4 Nd8 16. Qb4 Ne8 17. Qb3 Rf7 18. c5 Bb7 19. cxd6 Nxd6 20. Na4 Ne6 21. Nc5 Nxc5 22. Bxc5 Nb5 23. Nc4 Re8 24. Na5 Ba8 25. Nxc6 Bxc6 26. Bxc6 Qxc6 27. Qxb5 Qe6 28. Qa4 f4 29. Bxa7 Ra8 30. Rb8+ Rf8 31. Rfb1 fxg3 32. hxg3 Qf7 33. Rxa8 Rxa8 34. Rb8+ Rxb8 35. Bxb8 Bf6 36. Qc4 Qxc4 37. dxc4 1-0

[Event "CAT-chT Honor Division 2019"]
[Site "Catalonia"]
[Date "2019.02.16"]
[Round "5.2"]
[White "Gonzalez Rodriguez, Jorge A."]
[Black "Gonzalez Garcia, Jose"]
[Result "0-1"]
[ECO "A10"]
[WhiteElo "2199"]
[BlackElo "2492"]
[Annotator "ChessBase"]
[PlyCount "94"]
[EventDate "2019.01.16"]
[EventType "team-tourn"]
[EventCountry "ESP"]
[SourceTitle "playchess.com"]
[Source "ChessBase"]
[SourceQuality "1"]
[WhiteTeam "Figueres"]
[BlackTeam "Colon Sabadell Chessy"]
[TimeControl "5400+30"]

1. c4 e6 2. Nc3 d5 3. d4 Bb4 4. e3 Nf6 5. Qa4+ Nc6 6. cxd5 exd5 7. Bd3 O-O 8. Nge2 Bd6 9. h3 Nb4 10. Bb1 c5 11. dxc5 Bxc5 12. O-O Qe7 13. a3 Nc6 14. Qh4 Rd8 15. Rd1 Be6 16. b4 Bd6 17. Bb2 h6 18. Nb5 Be5 19. Nbd4 Bd7 20. Nxc6 bxc6 21. Bxe5 Qxe5 22. Qd4 Qe7 23. Bc2 Re8 24. Rdc1 a5 25. Qc5 axb4 26. axb4 Qe5 27. Qd4 Qe7 28. Qc5 Qe5 29. Nd4 Qg5 30. Nf3 Qh5 31. Qd6 Bxh3 32. Qxc6 Bxg2 33. Kxg2 Qg4+ 34. Kf1 Rac8 35. Qxe8+ Rxe8 36. Nd4 g6 37. b5 Qh3+ 38. Ke2 Ng4 39. Ra3 Qg2 40. Rf1 Nxe3 41. Rxe3 Rxe3+ 42. Kxe3 Qxf1 43. Bb3 Qe1+ 44. Kd3 Qe4+ 45. Kc3 h5 46. Nc6 Qe1+ 47. Kd4 Qd2+ 0-1

[Event "CAT-chT Honor Division 2019"]
[Site "Catalonia"]
[Date "2019.02.16"]
[Round "5.3"]
[White "Comas Fabrego, Lluis"]
[Black "Serra Pages, Jordi"]
[Result "1/2-1/2"]
[ECO "A04"]
[WhiteElo "2467"]
[BlackElo "2253"]
[Annotator "ChessBase"]
[PlyCount "55"]
[EventDate "2019.01.16"]
[EventType "team-tourn"]
[EventCountry "ESP"]
[SourceTitle "playchess.com"]
[Source "ChessBase"]
[SourceQuality "1"]
[WhiteTeam "Colon Sabadell Chessy"]
[BlackTeam "Figueres"]
[TimeControl "5400+30"]

1. Nf3 Nf6 2. b3 b6 3. Bb2 e6 4. g3 Bb7 5. Bg2 Be7 6. O-O O-O 7. c4 d6 8. d4 Nbd7 9. Nc3 Ne4 10. d5 Nxc3 11. Bxc3 Bf6 12. Nd4 e5 13. Nc6 Qe8 14. b4 Nb8 15. Nxb8 Rxb8 16. a4 c5 17. dxc6 Bxc6 18. Bd5 Rc8 19. Bb2 Bxd5 20. Qxd5 Qe6 21. Rfc1 Rc7 22. a5 Rfc8 23. axb6 axb6 24. Ra8 Qxd5 25. Rxc8+ Rxc8 26. cxd5 Rxc1+ 27. Bxc1 b5 28. e4 1/2-1/2

[Event "CAT-chT Honor Division 2019"]
[Site "Catalonia"]
[Date "2019.02.16"]
[Round "5.4"]
[White "Ayats Llobera, Gerard"]
[Black "Panelo, Marcelo"]
[Result "1-0"]
[ECO "B96"]
[WhiteElo "2377"]
[BlackElo "2366"]
[Annotator "NA"]
[PlyCount "73"]
[EventDate "2019.01.16"]
[EventType "team-tourn"]
[EventCountry "ESP"]
[SourceTitle "playchess.com"]
[Source "ChessBase"]
[SourceQuality "1"]
[WhiteTeam "Barcelona"]
[BlackTeam "Sant Josep Badalona"]
[TimeControl "5400+30"]

1. e4 c5 2. Nf3 d6 3. d4 cxd4 4. Nxd4 Nf6 5. Nc3 a6 6. Bg5 e6 7. f4 h6 8. Bh4 Nbd7 9. Qe2 Qc7 10. O-O-O b5 11. e5 dxe5 12. fxe5 Qxe5 13. Qf3 Qb8 14. Bg3 Qb7 15. Be2 Bc5 16. Qd3 Qb6 17. Bf3 Bb7 18. Nxe6 fxe6 19. Qg6+ Kd8 20. Qxg7 Rf8 21. Bxb7 Qxb7 22. Rhf1 Kc8 23. Qxh6 Qb6 24. Kb1 Kb7 25. Qg7 Kc6 26. Bh4 Rg8 27. Qf7 Raf8 28. Qxe6+ Kc7 29. Rxd7+ Nxd7 30. Nd5+ Kb8 31. Rxf8+ Rxf8 32. Nxb6 Rf1+ 33. Be1 Nxb6 34. Qe2 Rg1 35. a3 Nc4 36. Ka2 Ka7 37. Bf2 1-0

[Event "CAT-chT Honor Division 2019"]
[Site "Catalonia"]
[Date "2019.02.16"]
[Round "5.5"]
[White "Lorenzo De La Riva, Lazaro"]
[Black "Pijuan Herranz, Manuel"]
[Result "0-1"]
[ECO "C50"]
[WhiteElo "2397"]
[BlackElo "2206"]
[Annotator "NA"]
[PlyCount "104"]
[EventDate "2019.01.16"]
[EventType "team-tourn"]
[EventCountry "ESP"]
[SourceTitle "playchess.com"]
[Source "ChessBase"]
[SourceQuality "1"]
[WhiteTeam "Colon Sabadell Chessy"]
[BlackTeam "Figueres"]
[TimeControl "5400+30"]

1. e4 e5 2. Nf3 Nc6 3. Bc4 Bc5 4. d3 Nf6 5. Bg5 h6 6. Bh4 d6 7. c3 g5 8. Bg3 Bg4 9. Nbd2 Qd7 10. a4 a5 11. Bb5 Qe7 12. Nc4 Nh5 13. Ne3 Bxe3 14. fxe3 Nxg3 15. hxg3 O-O-O 16. Bxc6 bxc6 17. O-O h5 18. Qe1 f5 19. exf5 Bxf5 20. e4 Be6 21. b4 h4 22. g4 Bxg4 23. Nh2 Be6 24. b5 g4 25. bxc6 d5 26. d4 exd4 27. Qb1 Rd6 28. exd5 Rxd5 29. Qb7+ Kd8 30. Rae1 Qd6 31. Rf7 Bc8 32. Qa7 Qxc6 33. Ree7 Qb6 34. Rxc7 Qxa7 35. Rxa7 d3 36. Rf1 Re8 37. Rd1 Re2 38. Rf7 Bd7 39. Rf4 h3 40. gxh3 gxh3 41. Nf3 Rg2+ 42. Kh1 Bg4 43. c4 Rd7 44. Rxg4 Rxg4 45. Ne5 Rgd4 46. Nxd7 Kxd7 47. Kh2 Kc6 48. Kxh3 Kc5 49. Kg3 Kxc4 50. Kf3 Kc3 51. Ra1 d2 52. Ke2 Kb2 0-1

[Event "CAT-chT Honor Division 2019"]
[Site "Catalonia"]
[Date "2019.02.16"]
[Round "5.5"]
[White "Gutierrez Clares, Joaquim"]
[Black "Sanchez Ibern, Marc"]
[Result "1-0"]
[ECO "A50"]
[WhiteElo "2250"]
[BlackElo "2325"]
[Annotator "NA"]
[PlyCount "83"]
[EventDate "2019.01.16"]
[EventType "team-tourn"]
[EventCountry "ESP"]
[SourceTitle "playchess.com"]
[Source "ChessBase"]
[SourceQuality "1"]
[WhiteTeam "Sant Josep Badalona"]
[BlackTeam "Barcelona"]
[TimeControl "5400+30"]

1. d4 Nf6 2. c4 b6 3. Nf3 Bb7 4. Nc3 g6 5. g3 Bg7 6. Bg2 O-O 7. O-O Ne4 8. Qc2 Nxc3 9. Qxc3 c5 10. Be3 Nc6 11. Rfd1 Rc8 12. Qa3 Na5 13. b3 Qc7 14. Rac1 Rfd8 15. d5 d6 16. Bd2 Rb8 17. e4 Bc8 18. Bc3 Bxc3 19. Rxc3 Bg4 20. Re1 a6 21. Qc1 b5 22. Qh6 Bxf3 23. Rxf3 Rf8 24. g4 f6 25. cxb5 axb5 26. Bh3 g5 27. Rf5 Kh8 28. f4 gxf4 29. Rh5 Rf7 30. g5 Qd8 31. Be6 Qf8 32. Bxf7 Qxf7 33. g6 Qg7 34. Qxh7+ Qxh7 35. Rxh7+ Kg8 36. Rxe7 b4 37. h4 c4 38. Ra7 Nb7 39. bxc4 Nc5 40. h5 f3 41. Re3 Re8 42. h6 1-0

[Event "CAT-chT Honor Division 2019"]
[Site "Catalonia"]
[Date "2019.02.16"]
[Round "5.6"]
[White "Fantinel, Thibault"]
[Black "Fernandez Madrid, Carlos"]
[Result "1/2-1/2"]
[ECO "D34"]
[WhiteElo "2381"]
[BlackElo "2042"]
[Annotator "NA"]
[PlyCount "58"]
[EventDate "2019.01.16"]
[EventType "team-tourn"]
[EventCountry "ESP"]
[SourceTitle "playchess.com"]
[Source "ChessBase"]
[SourceQuality "1"]
[WhiteTeam "Barcelona"]
[BlackTeam "Sant Josep Badalona"]
[TimeControl "5400+30"]

1. c4 Nf6 2. g3 e6 3. Bg2 Be7 4. Nf3 O-O 5. O-O c5 6. d4 cxd4 7. Nxd4 Nc6 8. Nc3 d5 9. cxd5 exd5 10. b3 Bg4 11. h3 Bd7 12. Bb2 Rc8 13. e3 Qa5 14. a3 Qb6 15. Na4 Qd8 16. Rc1 Ne4 17. Ne2 Bf5 18. g4 Bg6 19. Nf4 b5 20. Nxg6 hxg6 21. Bxe4 dxe4 22. Nc5 Qxd1 23. Rfxd1 Na5 24. Nxe4 Nxb3 25. Rxc8 Rxc8 26. Rd7 Bh4 27. Rxa7 Rc2 28. Be5 Nd2 29. Nxd2 Rxd2 1/2-1/2